 Dungeon Crawl Stone Soup version 0.20-a0-754-g13ddd6e (webtiles) character file.

99 Gorglomux the Digger (level 4, -6/24 HPs)
             Began as a Gargoyle Earth Elementalist on Feb 26, 2017.
             Was an Initiate of Vehumet.
             Mangled by a gnoll
             ... wielding a +0 halberd
              (13 damage)
             ... on level 3 of the Dungeon.
             The game lasted 00:04:48 (2031 turns).

Gorglomux the Digger (Gargoyle Earth Elementalist)  Turns: 2031, Time: 00:04:49

Health: -6/24      AC:  5    Str: 11    XL:     4   Next: 72%
Magic:  7/7        EV: 12    Int: 17    God:    Vehumet [......]
Gold:   183        SH:  0    Dex: 10    Spells: 3/7 levels left

rFire    . . .     SeeInvis .   h - +2 whip (drain)
rCold    . . .     Gourm    .   c - +0 robe
rNeg     + . .     Faith    .   (no shield)
rPois    ∞         Spirit   .   (no helmet)
rElec    +         Reflect  .   (no cloak)
rCorr    .         Harm     .   (no gloves)
MR       .....                  (no boots)
Stlth    ++........             (no amulet)
Regen    0.1/turn               (no ring)
MPRegen  0.1/turn               (no ring)

@: no status effects
A: negative energy resistance 1, electricity resistance, unbreathing,
petrification resistance, rot immunity, AC +3
a: Renounce Religion


You were on level 3 of the Dungeon.
You worshipped Vehumet.
Vehumet was noncommittal.
You were not hungry.

You visited 1 branch of the dungeon, and saw 4 of its levels.

You collected 183 gold pieces.

Inventory:

Hand Weapons
 h - a +2 whip of draining (weapon)
Missiles
 b - 149 stones (quivered)
 i - 34 poisoned needles
Armour
 c - a +0 robe (worn)
Jewellery
 v - an uncursed ring of fire
Scrolls
 g - 2 scrolls of enchant weapon {unknown}
 k - a scroll of enchant armour {unknown}
 m - 3 scrolls of remove curse {unknown}
 n - 2 scrolls of blinking {unknown}
 p - 3 scrolls of noise {unknown}
 q - a scroll of amnesia {unknown}
 r - 2 scrolls of identify {unknown}
 w - 2 scrolls of teleportation {unknown}
 y - a scroll of random uselessness {unknown}
Potions
 j - a potion of agility {unknown}
 l - a potion of resistance {unknown}
 o - 2 potions of ambrosia {unknown}
 s - a potion of might {unknown}
 u - 3 potions of curing {unknown}
 x - 2 potions of lignification {unknown}
 z - a potion of degeneration {unknown}
 B - a potion of mutation {unknown}
Books
 e - a book of Geomancy

   Spells                             Type                      Level
   a - Sandblast                      Earth                        1
   b - Passwall                       Transmutation/Earth          2
   c - Stone Arrow                    Conjuration/Earth            3
   d - Petrify                        Transmutation/Earth          4
   e - Lee's Rapid Deconstruction     Earth                        5
Comestibles
 d - 2 bread rations
 f - 5 meat rations
 t - a royal jelly
 A - a chunk of flesh


   Skills:
 - Level 1.5 Dodging
 - Level 2.1 Stealth
 - Level 2.0 Spellcasting
   Level 0.7 Transmutations
 + Level 6.4 Earth Magic


You had 3 spell levels left.
You knew the following spells:

 Your Spells              Type           Power        Failure   Level  Hunger
a - Sandblast             Erth           ###...       1%          1    #......
b - Stone Arrow           Conj/Erth      ##....       17%         3    ###....


Dungeon Overview and Level Annotations

Branches:
Dungeon (4/15)
 Temple: D:4-7

Altars:
Vehumet
Xom
Zin


Innate Abilities, Weirdness & Mutations

You are resistant to torment.
Your stone body is resilient. (AC +3)
You are immune to poison.
You resist negative energy. (rN+)
You are resistant to electric shocks. (rElec)
You can survive without breathing.
You are immune to petrification.
You are immune to rotting.


Message History

HP restored.
You climb downwards.
A gnoll comes into view. It is wielding a spear.
The gnoll shouts!
The gnoll hits you with a halberd!
Ouch! That really hurt!
* * * LOW HITPOINT WARNING * * *
The gnoll hits you from afar with a spear.
* * * LOW HITPOINT WARNING * * *
The gnoll barely misses you.
There is a stone staircase leading up here.
The gnoll hits you but does no damage. The gnoll closely misses you.
You climb upwards.
There is a stone staircase leading down here.
Press: ? - help, v - describe, . - travel
Here: a gnoll, wielding a halberd The floor.
The gnoll hits you from afar with a halberd!
Ouch! That really hurt!
You die...

#...#...#.........# #.#
#..###.###..[.....# #.#
#...#...#.........# #.#
#....._...........# #.#
##..#...#.........# #.#
#.###.###...[....# #.#
#..#...#..###.#### ###.#
#.........# #.# #...# ##.#.######
#@######.###
####...########.>(...#.#
#.......##.......g##.#.#########
#.####..##..#............#......
##.####...............###.#......
......##.##...........###.#..#.#.
.#)##.##^##..........##..........
##.##.##.##........#.##.#.#..#.#.
#.......###.......#.##.#.#......


You could see a gnoll.

Vanquished Creatures
  A gnoll (D:4)
  3 adders
  An ooze (D:1)
  2 dart slugs
  2 worms
  2 leopard geckos
  3 giant cockroaches
  6 goblins
  6 hobgoblins
  4 jackals (D:1)
  4 bats
  3 frilled lizards
  4 kobolds
  4 rats
45 creatures vanquished.

Notes
Turn   | Place    | Note
-------+----------+-------------------------------------------
     0 | D:1      | Gorglomux the Gargoyle Earth Elementalist began the quest for the Orb.
     0 | D:1      | Reached XP level 1. HP: 10/10 MP: 3/3
    51 | D:1      | Reached skill level 4 in Earth Magic
    63 | D:1      | Reached XP level 2. HP: 8/15 MP: 3/5
   385 | D:1      | Reached skill level 5 in Earth Magic
   385 | D:1      | Reached XP level 3. HP: 19/19 MP: 1/6
   430 | D:1      | Learned a level 3 spell: Stone Arrow
   730 | D:2      | Noticed a bullfrog
  1160 | D:2      | Found a shimmering altar of Xom.
  1405 | D:3      | Found a radiant altar of Vehumet.
  1413 | D:3      | Became a worshipper of Vehumet
  1520 | D:3      | Reached XP level 4. HP: 24/24 MP: 3/7
  1566 | D:3      | Found a glowing silver altar of Zin.
  1649 | D:3      | Reached skill level 6 in Earth Magic
  2031 | D:3      | Mangled by a gnoll

Vault maps used:
D:1:      roderic_dead_forest
D:2:      old_standard_altar, lightli_corner_chamber
D:3:      vehumet_crystals, lemuel_crystal_altar, first_bread, minmay_quantized
D:4:      serial_shops, nicolae_shop_statue_plus

Skill      XL: |  1  2  3  4 |
---------------+-------------+-----
Earth Magic    | 4 5 6 |  6.4
Dodging        | |  1.5
Stealth        | |  2.1
Spellcasting   | |  2.0
Transmutations | |  0.7

Action                   |  1- 3 |  4- 6 || total
-------------------------+-------+-------++-------
Melee: Whip              |    60 |    15 ||    75
 Cast: Sandblast         |    15 |    12 ||    27
       Stone Arrow       |     4 |     3 ||     7
 Stab: Sleeping          |     2 |       ||     2
  Eat: Chunk             |     2 |     3 ||     5
Armor: Robe              |    18 |     9 ||    27
Dodge: Dodged            |    49 |    15 ||    64
